 Dungeon Crawl Stone Soup version 0.19-a0-1268-g6c5d9f8 (webtiles) character file.

36 sveltemanboy the Charlatan (level 3, -3/26 HPs)
             Began as a Demonspawn Artificer on Aug 29, 2016.
             Slain by a gnoll
             ... wielding a +0 flail
              (11 damage)
             ... on level 2 of the Dungeon.
             The game lasted 00:04:10 (1598 turns).

sveltemanboy the Charlatan (Demonspawn Artificer)   Turns: 1598, Time: 00:04:11

Health: -3/26      AC:  4    Str: 13    XL:     3   Next: 19%
Magic:  5/5        EV: 12    Int: 15    God:
Gold:   37         SH:  0    Dex: 13    Spells: 0 memorised, 2 levels left

rFire  . . .     SeeInvis .       - Unarmed
rCold  . . .     Gourm    .     b - +0 leather armour
rNeg   . . .     Faith    .     (no shield)
rPois  .         Spirit   .     (no helmet)
rElec  .         Dismiss  .     (no cloak)
rCorr  .         Reflect  .     (no gloves)
MR     .....     Harm     .     h - +0 pair of boots
Stlth  +.........               (no amulet)
                                (no ring)
                                q - +3 ring of intelligence

@: no status effects
A: talons 1, powered by death 1
a: no special abilities


You were on level 2 of the Dungeon.
You were not hungry.

You visited 1 branch of the dungeon, and saw 2 of its levels.

You collected 37 gold pieces.

Inventory:

Missiles
 g - 54 stones
 n - a javelin (quivered)
Armour
 b - a +0 leather armour (worn)
 h - a +0 pair of boots (worn)
Jewellery
 q - a +3 ring of intelligence (left hand)
Wands
 c - a wand of flame (13/48)
 d - a wand of enslavement (12/24)
 e - a wand of random effects (15/48)
Scrolls
 k - a scroll of recharging {unknown}
 l - a scroll of identify {unknown}
 m - a scroll of magic mapping {unknown}
 o - a scroll of enchant weapon {unknown}
Potions
 a - a potion of haste {unknown}
 i - a potion of invisibility {unknown}
Comestibles
 f - 2 bread rations
 j - a royal jelly
 p - 2 chunks of flesh
 r - a meat ration


   Skills:
 - Level 1.0 Fighting
   Level 0.8 Short Blades
 + Level 0.8 Armour
 - Level 1.7 Dodging
 - Level 0.8 Stealth
 * Level 2.0 Unarmed Combat
 - Level 3.3 Evocations


You had 2 spell levels left.
You didn't know any spells.

Dungeon Overview and Level Annotations

Branches:
Dungeon (2/15)

Altars:


Innate Abilities, Weirdness & Mutations

You have sharp toenails.
You regenerate a little health from kills.


Message History

A gnoll comes into view. It is wielding a spear of venom.
Throwing (i - inventory. (,) - cycle):
n - 2 javelins (quivered)
Press: ? - help, Shift-Dir - straight line, f/p - gnoll
Aim: a gnoll, wielding a flail (moderately wounded)
You throw a javelin. The javelin barely misses the gnoll.
The gnoll hits you with a flail! The gnoll barely misses you. x2
Evoke which item? (* to show all) (? for menu, Esc to quit)
Zapping:
d - a wand of enslavement (14/24)
Press: ? - help, Shift-Dir - straight line, f/p - gnoll
Aim: a gnoll, wielding a flail (moderately wounded, chance to defeat MR: 62%)
The gnoll resists with significant effort.
This wand has 13 charges left.
The gnoll hits you from afar with a spear of venom!
Evoke which item? (* to show all) (? for menu, Esc to quit)
Zapping:
d - a wand of enslavement (13/24)
Press: ? - help, Shift-Dir - straight line, f/p - gnoll
Aim: a gnoll, wielding a flail (moderately wounded, chance to defeat MR: 62%)
The gnoll resists with significant effort.
This wand has 12 charges left.
The gnoll hits you with a flail!
You die...

#### .g. g. #.#
.# #.# ####(#
#.# #.gg(# #.#
#@##.# #.# #.#
.# # #
#.####.##.... .
#.#.##.....### .
#.#.##.#.#.#
#.#..........#
#.#.#)##.#.#.#
#.<..#.#.......
#.#...######.###


You could see 2 gnolls.

Vanquished Creatures
  An ooze (D:1)
  2 dart slugs (D:1)
  8 goblins
  5 hobgoblins
  2 jackals (D:2)
  2 bats (D:1)
  A kobold (D:1)
  3 rats (D:1)
24 creatures vanquished.

Vanquished Creatures (collateral kills)
  A goblin (D:2)
1 creature vanquished.

Vanquished Creatures (others)
  A gnoll (D:2)
1 creature vanquished.

Grand Total: 26 creatures vanquished

Notes
Turn   | Place    | Note
-------+----------+-------------------------------------------
     0 | D:1      | sveltemanboy the Demonspawn Artificer began the quest for the Orb.
     0 | D:1      | Reached XP level 1. HP: 15/15 MP: 3/3
   475 | D:1      | Gained mutation: You regenerate a little health from kills. [demonic ancestry]
   475 | D:1      | Reached XP level 2. HP: 13/21 MP: 4/4
   661 | D:1      | Reached skill level 1 in Unarmed Combat
  1371 | D:1      | Gained mutation: You have sharp toenails. [demonic ancestry]
  1371 | D:1      | Reached XP level 3. HP: 25/26 MP: 5/5
  1598 | D:2      | Slain by a gnoll

Vault maps used:
D:1:      lemuel_arrival_rhombus
D:2:      first_bread, hangedman_decor_points, trog_three_pillars_becter

Skill      XL: |  1  2  3 |
---------------+----------+-----
Unarmed Combat | 1 2 |  2.0
Fighting       | |  1.0
Short Blades   | |  0.8
Armour         | |  0.8
Dodging        | |  1.7
Stealth        | |  0.8
Evocations     | |  3.3

Action                   || total
-------------------------++-------
Melee: Unarmed           ||   124
Throw: Stone             ||    27
       Javelin           ||    17
Evoke: Wand              ||     5
  Eat: Chunk             ||     2
Armor: Leather armour    ||    34
Dodge: Dodged            ||    89
